AoeStats
← Michi3052

Four Lakes

509921153Analyzed
1v1 RM · 4d ago on Sep 28, 2026· 33m 4s· 2 players
Game mode
Random Map
Map size
Tiny (2 player)
Population
200
Speed
Normal
Resources
Standard
Victory
Conquest
Starting age
Dark Age
Ending age
Imperial Age
RankedLock teamsTeams togetherTeam positionsShared explorationLock speedFull tech treeHidden civsTurbo modeCheats
Victory
Defeat
🇪🇸 Turks · Spain
699
+17
🇹🇷 Saracens · Türkiye
724
-17
Michi3052
8:41 Loom
11:04 Feudal Age
13:37 Double-Bit Axe
16:42 Wheelbarrow
18:50 Castle Age
18:39 Gold Mining
18:33 Horse Collar
24:48 Imperial Age
23:00 Heavy Plow
25:09 Fletching
26:39 Bodkin Arrow
28:49 Wheelbarrow
31:10 Hand Cart
çiçero
11:06 Feudal Age
22:02 Castle Age
23:02 Bloodlines
25:47 Squires
27:54 Husbandry
30:02 Scale Barding Armor
Connection lost

Rejoining the realm…

Still unreachable

The connection could not be restored.

Session expired

The server has moved on; the page needs a fresh start.